Map: Catalyst LE

Players

Optimus - Winner!

  • Race: Terran Terran
  • Spawn Location: 11:00

MaNa

  • Race: Protoss Protoss
  • Spawn Location: 5:00

Event: WCS Austin 2018

VOD

Have the link to the VOD?

Description

Time

  • Played on: June 1, 2018, 2:27 p.m.
  • Length: 12:36

All games in this series

Show
View Real Time Build Order
Export as new Build Order

Optimus Terran - Winner!

Build Orders: Reaper Expand, MMM Bio 

Get SALT Encoding   

  12  0:00  SCV  
  13  0:12  SCV  
  14  0:17  Supply Depot  
  14  0:24  SCV  
  15  0:39  SCV  
  15  0:40  Barracks  
  16  0:45  Refinery  
  16  0:51  SCV  
  17  1:03  SCV  
  18  1:15  SCV  
  19  1:28  Orbital Command, Reaper  
  20  1:40  Command Center  
  20  1:55  Supply Depot, SCV  
  20  1:59  Marine  
  22  2:07  SCV  
  22  2:08  Factory  
  23  2:15  Refinery  
  23  2:19  SCV  
  24  2:22  Barracks Reactor  
  24  2:31  SCV  
  25  2:43  SCV  
  26  2:55  Starport, SCV  
  26  2:57  Orbital Command  
  27  2:59  Widow Mine  
  27  3:01  Marine  
  27  3:02  Marine  
  31  3:07  SCV  
  32  3:19  SCV, Marine x2  
  34  3:21  Factory Tech Lab  
  34  3:23  SCV  
  35  3:30  Supply Depot  
  35  3:31  SCV  
  36  3:35  SCV  
  36  3:37  Marine x2  
  36  3:40  Barracks  
  39  3:42  Raven  
  39  3:44  SCV, Factory Tech Lab  
  39  3:45  Refinery  
  43  3:48  SCV  
  43  3:52  Supply Depot  
  43  3:56  SCV  
  43  3:58  Barracks  
  43  4:01  Marine  
  43  4:02  Marine  
  46  4:04  SCV  
  46  4:09  Siege Tank  
  50  4:13  SCV  
  50  4:16  SCV  
  52  4:19  Engineering Bay  
  52  4:25  SCV  
  52  4:28  SCV  
  54  4:32  Marine  
  54  4:33  Stimpack, Supply Depot  
  54  4:34  Starport Reactor  
  54  4:37  SCV  
  56  4:40  Refinery  
  56  4:43  Siege Tank  
  59  4:46  Barracks Tech Lab  
  59  4:48  Marine x2  
  59  4:49  SCV  
  62  4:54  SCV  
  62  4:55  Supply Depot  
  62  4:57  Terran Infantry Weapons Level 1  
  63  5:02  SCV  
  63  5:03  Supply Depot  
  64  5:09  Marauder x2  
  64  5:13  Supply Depot  
  68  5:14  Marine  
  68  5:15  Marine  
  68  5:20  SCV x2  
  72  5:24  Siege Tank  
  72  5:27  Supply Depot  
  75  5:29  Combat Shield  
  75  5:32  SCV x2  
  77  5:36  Marine x2  
  77  5:41  Marauder x2  
  83  5:47  Medivac x2  
  83  5:49  Supply Depot  
  87  5:59  Barracks x2  
  87  6:06  Factory Reactor  
  87  6:07  Marine x2  
  89  6:14  Command Center  
  89  6:16  SCV x2  
  91  6:24  Marauder  
  91  6:25  Marauder  
  95  6:28  SCV  
  95  6:31  Medivac x2  
  96  6:33  SCV  
  96  6:34  Concussive Shells  
  96  6:37  Supply Depot  
  97  6:46  Bunker  
  97  6:48  Marauder x2, Marine x2  
  97  6:50  Barracks Reactor  
  103  7:01  SCV x2, Medivac x2  
  109  7:04  Marauder  
  111  7:13  SCV  
  116  7:15  Widow Mine  
  116  7:16  Widow Mine  
  116  7:17  Bunker  
  116  7:21  Marine x2  
  116  7:23  Marauder  
  116  7:29  Bunker  
  116  7:33  Marine x2, Medivac  
  116  7:34  Orbital Command  
  110  7:49  Marauder x2, Marine x2  
  99  7:52  Medivac  
  99  7:54  SCV x2  
  99  7:55  Terran Infantry Armor Level 1  
  99  7:57  Widow Mine x2, Marine  
  99  7:58  Marine  
  103  8:06  SCV, Liberator  
  103  8:07  SCV  
  103  8:08  Liberator  
  103  8:09  Marine x2  
  106  8:15  Marauder x3  
  106  8:17  Marine x2  
  106  8:18  SCV  
  116  8:21  Supply Depot  
  116  8:23  Supply Depot  
  119  8:33  Marine x2  
  119  8:34  SCV  
  119  8:35  SCV  
  119  8:36  Marauder x2, Marine x2  
  119  8:39  SCV  
  129  8:41  Marauder  
  129  8:47  SCV x2  
  130  8:51  SCV  
  130  8:52  Supply Depot, Widow Mine x2  
  135  8:55  Refinery  
  135  8:56  Refinery  
  135  8:59  SCV  
  135  9:01  Marine x2  
  119  9:10  Marine x2  
  119  9:12  SCV x2  
  119  9:15  SCV  
  119  9:16  Liberator x2  
  108  9:24  SCV x2  
  98  9:25  Marauder x3  
  98  9:28  SCV  
  98  9:30  Marine x2  
  93  9:34  Widow Mine  
  93  9:36  SCV x2  
  103  9:40  SCV  
  103  9:43  Supply Depot  
  104  9:46  Widow Mine, Marine x2  
  104  9:48  SCV x2  
  110  9:54  Fusion Core  
  110  9:55  Starport  
  110  9:56  Marine  
  110  9:57  Marine x2  
  110  9:58  SCV  
  114  10:00  SCV  
  114  10:02  SCV  
  116  10:07  Widow Mine x2  
  116  10:10  Liberator  
  120  10:15  Marauder x3  
  126  10:22  Supply Depot x2  
  126  10:26  Marine x4  
  133  10:30  Medivac  
  133  10:32  Starport Tech Lab  
  135  10:36  Marauder, Supply Depot  
  135  10:42  Marauder x2  
  141  10:45  Marine x2  
  143  10:50  Liberator  
  143  10:53  Advanced Ballistics  
  143  10:55  Missile Turret  
  143  10:56  Missile Turret  
  143  10:57  Missile Turret  
  143  10:58  Marauder  
  143  10:59  Liberator  
  143  11:00  Armory  
  143  11:01  Engineering Bay  
  145  11:09  Medivac  
  145  11:10  Marine  
  151  11:12  Marauder  
  156  11:21  Marauder  
  158  11:26  Liberator  
  158  11:29  Marine x2  
  158  11:30  Marine  
  161  11:36  Command Center  
  161  11:39  Marauder x2  
  165  11:42  Marine x2  
  169  11:51  Widow Mine x2  
  173  12:04  Supply Depot x2  
Show
View Real Time Build Order
Export as new Build Order

MaNa Protoss 

Build Orders: 1 Gate Expand, Blink Stalkers 

Get SALT Encoding   

  12  0:00  Probe  
  13  0:12  Probe  
  14  0:20  Pylon  
  14  0:24  Probe  
  15  0:34  Probe  
  15  0:41  Gateway  
  16  0:43  Probe  
  16  0:45  Assimilator  
  17  0:52  Probe  
  18  1:00  Probe  
  18  1:08  Probe  
  20  1:27  Nexus  
  20  1:35  Cybernetics Core  
  20  1:36  Probe  
  21  1:43  Assimilator  
  21  1:48  Probe  
  22  1:54  Pylon  
  22  2:00  Probe  
  23  2:03  Adept  
  23  2:12  Warp Gate  
  23  2:13  Probe  
  26  2:25  Probe  
  26  2:28  Twilight Council  
  26  2:29  Stalker  
  26  2:34  Probe  
  28  2:40  Probe  
  28  2:42  Probe  
  30  2:44  Blink  
  31  2:51  Probe  
  31  2:52  Probe  
  33  3:03  Probe  
  33  3:04  Probe  
  35  3:15  Probe  
  35  3:16  Probe  
  37  3:20  Gateway  
  37  3:26  Stalker  
  39  3:27  Gateway  
  39  3:29  Probe  
  39  3:31  Probe  
  41  3:36  Pylon  
  41  3:41  Probe  
  42  3:43  Probe  
  42  3:44  Shield Battery  
  43  3:53  Probe  
  43  3:55  Probe  
  45  3:57  Robotics Facility  
  45  4:05  Probe  
  45  4:07  Probe  
  47  4:18  Stalker  
  47  4:19  Stalker  
  47  4:21  Stalker  
  53  4:26  Pylon  
  53  4:30  Nexus  
  51  4:34  Probe x2  
  51  4:37  Observer, Pylon  
  53  4:45  Stalker x2  
  58  4:47  Stalker  
  58  4:50  Charge  
  60  4:53  Pylon  
  60  4:54  Probe x2  
  60  4:56  Observer  
  60  4:57  Assimilator  
  63  5:04  Pylon  
  65  5:13  Forge  
  63  5:14  Forge  
  63  5:16  Stalker  
  65  5:22  Gateway  
  65  5:26  Gateway  
  65  5:29  Immortal  
  65  5:32  Gateway  
  65  5:42  Protoss Ground Weapons Level 1, Protoss Ground Armor Level 1  
  69  5:46  Probe x2  
  69  5:47  Probe  
  72  5:58  Gateway  
  72  6:01  Probe x3  
  75  6:07  Gateway  
  75  6:11  Immortal  
  75  6:17  Zealot x2  
  83  6:19  Probe x2  
  85  6:37  Zealot x2  
  85  6:38  Zealot  
  90  6:43  Zealot x3  
  96  6:50  Observer  
  96  6:56  Immortal  
  96  7:01  Pylon  
  94  7:05  Pylon x2  
  94  7:07  Pylon  
  94  7:08  Pylon  
  93  7:22  Pylon  
  93  7:24  Zealot x4  
  93  7:26  Zealot x2  
  93  7:27  Zealot x2  
  108  7:32  Pylon  
  108  7:34  Probe x2, Pylon  
  98  7:46  Probe  
  98  7:50  Sentry  
  98  7:51  Sentry x2, Zealot x4  
  91  7:53  Probe  
  91  7:56  Warp Prism  
  98  8:00  Sentry  
  100  8:13  Stalker x3  
  100  8:19  Stalker  
  108  8:22  Stalker  
  110  8:49  Zealot x8  
  126  8:56  Pylon  
  80  9:17  Zealot x4  
  80  9:18  Zealot x2  
  76  9:26  Warp Prism  
  76  9:27  Protoss Ground Weapons Level 2  
  68  9:36  Protoss Ground Armor Level 2  
  62  9:40  Templar Archives  
  62  9:45  Nexus  
  62  9:50  Sentry x2  
  66  10:00  Psionic Storm  
  66  10:17  High Templar x2  
  66  10:21  High Templar  
  72  10:23  Probe x2  
  72  10:26  Zealot x2  
  78  10:34  Immortal  
  78  10:41  Stalker  
  84  10:46  Stalker  
  86  10:51  Stalker  
  86  10:53  Probe  
  86  10:56  Probe  
  90  11:01  Assimilator  
  90  11:06  Observer  
  90  11:10  Probe  
  91  11:13  Stalker x2  
  96  11:18  Stalker  
  96  11:19  Zealot  
  96  11:20  Probe  
  101  11:26  Pylon  
  101  11:28  Zealot x2  
  101  11:30  Probe  
  106  11:34  Stalker  
  106  11:38  Zealot  
  106  11:39  Zealot  
  112  11:43  Assimilator  
  112  11:44  Assimilator  
  112  11:49  Immortal, Probe x2  
  112  11:54  Stalker x2  
  122  12:10  Stalker x3  
  128  12:16  Stalker, Zealot  
Tags
 
Add a new tag
Caveats
  • Supply blocks, unpowered buildings, or Contaminate may cause inaccurate times.
  • Supply counts are checked every 10 seconds.